 Dungeon Crawl Stone Soup version 0.20-a0-277-g7db01f4 (webtiles) character file.

572 FitzyFitz the Thaumaturge (level 7, -1/32 HPs)
             Began as a Spriggan Transmuter on Dec 12, 2016.
             Was a Follower of Zin.
             Slain by a bullfrog zombie (6 damage)
             ... on level 5 of the Dungeon.
             The game lasted 00:16:31 (5519 turns).

FitzyFitz the Thaumaturge (Spriggan Transmuter)     Turns: 5519, Time: 00:16:31

Health: -1/32      AC:  3    Str:  6    XL:     7   Next: 12%
Magic:  20/20      EV: 18    Int: 17    God:    Zin [*.....]
Gold:   171        SH:  0    Dex: 16    Spells: 8/23 levels left

rFire  . . .     SeeInvis +     a - +5 dagger (venom)
rCold  . . .     Gourm    .     q - +0 robe
rNeg   . . .     Faith    .     (shield restricted)
rPois  .         Spirit   .     (helmet restricted)
rElec  .         Reflect  .     l - +0 cloak
rCorr  .         Harm     .     (gloves unavailable)
MR     +....                    (boots unavailable)
Stlth  +.........               (no amulet)
                                (no ring)
                                (no ring)

@: very quick
A: unfitting armour, see invisible, herbivore 3, speed 3, slow metabolism 2
a: Recite, Donate Gold, Renounce Religion


You were on level 5 of the Dungeon.
You worshipped Zin.
Zin was aware of your devotion.
You were not hungry.

You visited 2 branches of the dungeon, and saw 6 of its levels.

You collected 190 gold pieces.
You donated 19 gold pieces to Zin.

Inventory:

Hand Weapons
 a - a +5 dagger of venom (weapon)
 b - a +0 blowgun
 m - a cursed -2 spear
Missiles
 e - 102 stones (quivered)
 h - 54 arrows
 r - 34 poisoned needles
Armour
 l - a +0 cloak (worn)
 q - a +0 robe (worn)
Jewellery
 y - an uncursed ring of fire {unknown}
Wands
 k - a wand of flame (12/48)
 p - a wand of lightning (6/15)
 t - a wand of acid (4/15)
 v - a wand of flame (10/48)
Scrolls
 g - a scroll of recharging {unknown}
 i - a scroll of magic mapping {unknown}
 n - a scroll of random uselessness {unknown}
 o - 2 scrolls of enchant armour {unknown}
 x - 2 scrolls of identify
Potions
 f - a potion of cure mutation
 j - a potion of berserk rage
 s - a potion of invisibility {unknown}
 u - a potion of haste
 w - a potion of flight {unknown}
Books
 c - a book of Changes

   Spells                             Type                      Level
   a - Beastly Appendage              Transmutation                1
   b - Sticks to Snakes               Transmutation                2
   c - Spider Form                    Transmutation/Poison         3
   d - Ice Form                       Ice/Transmutation            4
   e - Blade Hands                    Transmutation                5
Comestibles
 d - a slice of pizza
 z - a bread ration


   Skills:
 - Level 0.7 Fighting
 - Level 3.0 Dodging
 - Level 2.4 Unarmed Combat
 - Level 8.9 Spellcasting
 + Level 3.7 Transmutations
 + Level 0.5 Ice Magic
 + Level 1.2 Poison Magic


You had 8 spell levels left.
You knew the following spells:

 Your Spells              Type           Power        Failure   Level  Hunger
a - Beastly Appendage     Tmut           ###...       1%          1    None
b - Spider Form           Tmut/Pois      ###.......   12%         3    None
c - Sticks to Snakes      Tmut           ###.....     2%          2    None
d - Ice Form              Ice/Tmut       ##......     45%         4    ###....
e - Blade Hands           Tmut           ###.......   58%         5    #####..


Dungeon Overview and Level Annotations

Branches:
Dungeon (5/15)             Temple (1/1) D:5

Altars:
Ashenzari
Cheibriados
Dithmenos
Elyvilon
Fedhas
Gozag
Hepliaklqana
Kikubaaqudgha
Makhleb
Nemelex Xobeh
Okawaru
Qazlal
Ru
Sif Muna
Trog
Uskayaw
Vehumet
Xom
Yredelemnul
Zin
The Shining One

Annotations:
D:4 Grinder


Innate Abilities, Weirdness & Mutations

You are very small and have problems with some larger weapons.
You are too small for most types of armour.
You have supernaturally acute eyesight. (SInv)
You are a herbivore.
You cover ground extremely quickly.
You need consume almost no food.


Message History

The bullfrog zombie completely misses you.
Casting: Ice Form
Confirm with . or Enter, or press ? or * to list all spells.
Casting this spell will place you under penance.
Really cast?
Okay, then.
Unknown command.
The bullfrog zombie hits you.
The bullfrog zombie hits you but does no damage.
The bullfrog zombie hits you. The bullfrog zombie closely misses you.
The bullfrog zombie hits you. The bullfrog zombie hits you. x2
* * * LOW HITPOINT WARNING * * *
The bullfrog zombie barely misses you. The bullfrog zombie hits you.
* * * LOW HITPOINT WARNING * * *
The bullfrog zombie completely misses you.
The bullfrog zombie barely misses you. The bullfrog zombie hits you.
You die...

...## #...# ....# #..#
########### ..#.# ####.###
##.....#.... #.#.# #......###
##...........
#.#.###........######............
....#........#..#................
...............Sp.###............
.............###Z## #............
.............# #@## #............
.............# #..####...........
.............# ##<.###......#....
...##........# ##..#..##########
#######......# ##.#.## ########
#...# ##..# #>## ###


You could see a slave, a bullfrog zombie and a ball python.

Vanquished Creatures
  Duvessa (D:4)
  Dowan (D:4)
  2 howler monkeys (D:4)
  A hound (D:4)
  2 orc wizards
  An orc priest (D:3)
  2 worker ants (D:4)
  6 adders
  A worm (D:2)
  4 dart slugs
  2 leopard geckos (D:3)
  11 orcs
  7 bats
  7 giant cockroaches
  14 goblins
  8 hobgoblins
  9 jackals (D:3)
  10 kobolds
  2 quokkas
  7 frilled lizards
  A quokka skeleton (D:4)
  2 rats
101 creatures vanquished.

Notes
Turn   | Place    | Note
-------+----------+-------------------------------------------
     0 | D:1      | FitzyFitz the Spriggan Transmuter began the quest for the Orb.
     0 | D:1      | Reached XP level 1. HP: 9/9 MP: 5/5
   189 | D:1      | Reached skill level 3 in Spellcasting
   190 | D:1      | Reached XP level 2. HP: 11/14 MP: 7/7
  1051 | D:1      | Reached skill level 4 in Spellcasting
  1121 | D:1      | Reached XP level 3. HP: 16/17 MP: 9/9
  1383 | D:1      | Learned a level 3 spell: Spider Form
  1908 | D:2      | Reached skill level 5 in Spellcasting
  1908 | D:2      | Reached XP level 4. HP: 20/21 MP: 12/12
  3057 | D:3      | Reached skill level 6 in Spellcasting
  3143 | D:3      | Reached XP level 5. HP: 13/25 MP: 11/14
  3393 | D:3      | Reached skill level 7 in Spellcasting
  3990 | D:4      | Noticed Dowan
  3991 | D:4      | Noticed Duvessa
  4005 | D:4      | Killed Dowan
  4005 | D:4      | Reached XP level 6. HP: 29/29 MP: 12/17
  4009 | D:4      | Killed Duvessa
  4009 | D:4      | Reached skill level 8 in Spellcasting
  4461 | D:3      | Learned a level 2 spell: Sticks to Snakes
  4466 | D:3      | Learned a level 4 spell: Ice Form
  4472 | D:3      | Learned a level 5 spell: Blade Hands
  4654 | D:4      | Reached XP level 7. HP: 23/32 MP: 20/20
  4738 | D:4      | Reached skill level 1 in Poison Magic
  5118 | D:4      | Noticed Grinder
  5144 | D:5      | Entered Level 5 of the Dungeon
  5161 | D:5      | Found a staircase to the Ecumenical Temple.
  5208 | Temple   | Entered the Ecumenical Temple
  5392 | Temple   | Became a worshipper of Zin the Law-Giver
  5392 | Temple   | Reached * piety under Zin
  5519 | D:5      | Slain by a bullfrog zombie

Vault maps used:
D:1:      dpeg_arrival_leaves_temple_mockup, minmay_strange_pillars,
          minmay_unequal
D:4:      uniq_grinder, uniq_duvessa
D:5:      basic_altar, first_bread, st_stairs_12, nemelex_dance_club_becter,
          uniq_pikel
Temple:   compressed_dpeg_triangle_lava_temple

Skill      XL: |  1  2  3  4  5  6  7 |
---------------+----------------------+-----
Transmutations | 3 |  3.7
Spellcasting   | 3 4 5 6 7 8 |  8.9
Poison Magic   | 1 |  1.2
Fighting       | |  0.7
Dodging        | |  3.0
Unarmed Combat | |  2.4
Ice Magic      | |  0.5

Action                   |  1- 3 |  4- 6 |  7- 9 || total
-------------------------+-------+-------+-------++-------
Melee: Unarmed           |    29 |    40 |       ||    69
       Kick              |     2 |       |       ||     2
       Dagger            |    79 |   138 |    12 ||   229
       Punch             |     1 |     3 |       ||     4
       Headbutt          |     1 |       |       ||     1
 Fire: Blowgun           |       |       |    11 ||    11
Throw: Stone             |     7 |       |       ||     7
 Cast: Beastly Appendage |     2 |       |       ||     2
       Spider Form       |       |     3 |       ||     3
       Ice Form          |       |       |     1 ||     1
Evoke: Wand              |       |     4 |       ||     4
  Use: Scroll            |       |     9 |     2 ||    11
 Stab: Sleeping          |     2 |     3 |       ||     5
  Eat: Bread ration      |       |     1 |       ||     1
Armor: Robe              |     6 |     6 |     2 ||    14
Dodge: Dodged            |    61 |   123 |    13 ||   197
